 Dungeon Crawl Stone Soup version 0.31.0-12-g77e489cdc1 (webtiles) character file.

Game seed: 1667075224019353567

7370 112233 the Nimble (level 11, -5/82 HPs)
             Began as an Octopode Shapeshifter on Feb 18, 2024.
             Was an Initiate of Gozag.
             Slain by a yak (12 damage)
             ... on level 9 of the Dungeon.
             The game lasted 00:06:52 (9769 turns).

112233 the Nimble (Octopode Shapeshifter)           Turns: 9769, Time: 00:06:52

Health: -5/82      AC: 15    Str: 17    XL:     11   Next: 14%
Magic:  11/11      EV: 17    Int: 18    God:    Gozag
Gold:   1118       SH:  0    Dex: 13    Spells: 10/10 levels left

rFire   . . .        n - +7 staff of the Meek {protect, meekguard}
rCold   . . .        (shield currently unavailable)
rNeg    + . .        (helmet currently unavailable)
rPois   .            (no amulet)
rElec   .            i - +6 ring of intelligence
rCorr   +            o - ring of see invisible
SInv    +            x - ring of flight
Will    .....        t - ring of resist corrosion
Stlth   ++           F - ring of positive energy
HPRegen 0.33/turn    (no ring)
MPRegen 0.12/turn    (no ring)
                     (no ring)

%: no passive effects
@: beast-form, under a protective aura, flying
A: beast (slay +4), almost no armour, amphibious, 8 rings, camouflage 1,
gelatinous body 1, (nimble swimmer 1), tentacles
a: Begin Untransformation, Renounce Religion, Potion Petition, Call Merchant,
Bribe Branch


You were on level 9 of the Dungeon.
You worshipped Gozag.
Gozag was most pleased with you.
You were a hulking beast.
You visited 2 branches of the dungeon, and saw 10 of its levels.
You also visited: Bailey.

You collected 1228 gold pieces.
You paid 110 gold pieces to Gozag.

Inventory:

Hand Weapons
 e - a +0 dagger of venom
 n - the +7 staff of the Meek (weapon) {protect, meekguard}
   (You found it on level 2 of the Dungeon)
 z - the +7 falchion of Wariness {antimagic, Fly rF- Str-3 Dex+8}
   (You found it on level 6 of the Dungeon)

   Str-3:     It affects your strength (-3).
   Dex+8:     It affects your dexterity (+8).
   rF-:       It makes you vulnerable to fire.
   Fly:       It grants you flight.
 I - the +7 quarterstaff "Kaosoisu" {venom, rPois rN++ Will+ Str-4}
   (You found it in a bailey)

   Str-4:     It affects your strength (-4).
   rPois:     It protects you from poison rN++: It greatly protects you from
   negative energy.
   Will+:     It increases your willpower.
Magical Staves
 J - a staff of fire
Jewellery
 i - a +6 ring of intelligence (left tentacle)
 o - a ring of see invisible (right tentacle)
 r - a ring of ice
 t - a ring of resist corrosion (on tentacle)
 x - a ring of flight (on tentacle)
 F - a ring of positive energy (on tentacle)
Talismans
 b - a beast talisman (active)
 c - a flux talisman
Wands
 u - a wand of roots (3)
 y - a wand of light (31)
 A - a wand of flame (16)
 C - a wand of digging (2)
Scrolls
 d - 13 scrolls of identify {unknown}
 f - a scroll of vulnerability {unknown}
 h - 2 scrolls of enchant armour {unknown}
 j - a scroll of summoning {unknown}
 k - 2 scrolls of teleportation {unknown}
 m - 3 scrolls of revelation {unknown}
 q - a scroll of torment {unknown}
 v - 2 scrolls of poison {unknown}
 w - 2 scrolls of amnesia {unknown}
 B - a scroll of fear {unknown}
 K - a scroll of immolation {unknown}
 M - a scroll of noise {unknown}
Potions
 a - a potion of lignification
 g - 3 potions of heal wounds {unknown}
 l - 3 potions of haste {unknown}
 p - 3 potions of might
 s - a potion of invisibility {unknown}
 D - 2 potions of mutation {unknown}
 E - a potion of brilliance {unknown}
 G - a potion of ambrosia {unknown}
 H - 2 potions of enlightenment
 L - 3 potions of curing
 N - 2 potions of berserk rage {unknown}


   Skills:
 + Level 10.4 Fighting
 + Level 10.5 Dodging
 - Level 3.0 Unarmed Combat
 - Level 8.3 Shapeshifting


You had 10 spell levels left.
You didn't know any spells.
Your spell library contained the following spells:

 Spells                   Type           Power      Damage    Failure   Level
 Foxfire                  Conj/Fire      0%         2x1d4     22%         1
 Blink                    Tloc           0%         N/A       32%         2
 Lesser Beckoning         Tloc           0%         N/A       32%         2
 Momentum Strike          Conj/Tloc      0%         3d8       32%         2
 Fugue of the Fallen      Necr           0%         N/A       54%         3
 Hailstorm                Conj/Ice       0%         3d5       54%         3
 Ozocubu's Armour         Ice            0%         N/A       54%         3
 Summon Ice Beast         Ice/Summ       0%         N/A       54%         3
 Manifold Assault         Tloc           0%         N/A       91%         4
 Plasma Beam              Fire/Air       0%         2x1d10    100%        6
 Sculpt Simulacrum        Ice/Alch       0%         N/A       100%        6
 Starburst                Conj/Fire      0%         6d3       100%        6


Dungeon Overview and Level Annotations

Branches:
Dungeon (9/15)             Temple (1/1) D:7          Bailey (visited)
   Lair: D:8-11         Orc: D:9-12

Altars:
Ashenzari
Cheibriados
Dithmenos
Elyvilon
Fedhas
Gozag
Hepliaklqana
Makhleb
Nemelex Xobeh
Okawaru
Qazlal
Ru
Sif Muna
Trog
Uskayaw
Vehumet
Wu Jian
Xom
Yredelemnul
Zin
The Shining One

Annotations:
D:4 2 runed translucent doors, Doomgape's ghost, weakling DrSh
D:5 exclusion: upstairs


Innate Abilities, Weirdness & Mutations

You are a hulking beast.
Your limbs bulge with bestial killing power. (Slay +4)
You cannot wear most types of armour.
You are amphibious.
You can wear up to eight rings at the same time.
Your skin changes colour to match your surroundings (Stealth+).
Your rubbery body absorbs attacks. (AC +1, EV +1)
((You are camouflaged when in or above water. (Stealth+)))
You have tentacles for arms and can constrict up to eight enemies at once.


Message History

The yak is moderately wounded.
You bludgeon the yak!!
The yak is severely wounded.
You sock the yak! Your squeeze misses the yak.
The yak is moderately wounded.
The yak gores you. The yak misses you.
The yak gores you but does no damage. x2
The yak attacks as it pursues you! The yak gores you but does no damage.
You sock the yak!
You kill the yak!
You completely miss the yak. You tentacle-slap the yak. You squeeze the yak.
The yak is heavily wounded.
The yak barely misses you. The yak gores you!
The yak attacks as it pursues you! The yak completely misses you.
You sock the yak! You squeeze the yak!
The yak is almost dead.
The yak gores you. The yak barely misses you.
You hit the yak. You squeeze the yak.
The yak is almost dead.
The yak misses you.
The yak closely misses you. x2; The yak gores you.
You completely miss the yak. The yak gores you! The yak completely misses you.
The yak misses you.
You sock the yak!
You kill the yak!
The yak completely misses you. The yak closely misses you.
You sock the yak! You squeeze the yak!
The yak is severely wounded.
The yak gores you!
* * * LOW HITPOINT WARNING * * *
The yak misses you. The yak gores you!
* * * LOW HITPOINT WARNING * * *
You sock the yak!
The yak is almost dead.
The yak gores you.
* * * LOW HITPOINT WARNING * * *
The yak gores you.
* * * LOW HITPOINT WARNING * * *
The yak snorts and paws the ground.
The yak gores you!
You die...
Your body crumbles into a pile of gold.

.........#.#####.#
#.......
.........#.#####.#
#.......
.........#.......#
#.####..
.........#.......#
#.####..
.........#.......#
#.[.....
.........#.......##
#.......
##########.....$..#
######## .........###YY#
#........# #h$#
#........# #..#
...##........# #..#
...##........###..#
...##.............#
..................##
##.................######
.#..........#####..#....#
.#..........# #..#....#


You could see 2 yaks.

Vanquished Creatures
  Pikel (D:4)
  A troll (D:9)
  A shadow (D:9)
  2 wyverns
  14 yaks
  Edmund (D:6)
  5 water moccasins
  An ice beast (D:7)
  11 orc warriors
  2 sky beasts
  3 black bears
  An ogre (D:7)
  2 centaurs (D:7)
  2 lemures (D:4)
  2 phantoms (D:5)
  A kobold brigand (D:9)
  A weeping skull (D:3)
  3 bullfrogs
  6 killer bees (D:8)
  4 howler monkeys (D:9)
  A crimson imp (D:7)
  3 bombardier beetles
  5 jellies
  4 orc priests
  4 hounds
  4 iguanas
  A sleepcap (D:6)
  2 orc wizards
  11 adders
  A gnoll (Bailey)
  A shadow imp (D:7)
  A white imp (D:8)
  2 ribbon worms
  A dart slug (D:3)
  21 orcs
  7 ball pythons
  5 endoplasms
  2 giant cockroaches
  13 goblins
  15 hobgoblins
  14 jackals
  6 quokkas
  5 bats
  6 frilled lizards
  24 kobolds
  3 rats
  A spectral orc (D:3)
227 creatures vanquished.

Notes
Turn   | Place    | Note
-------+----------+-------------------------------------------
     0 | D:1      | 112233 the Octopode Shapeshifter began the quest for the
                  | Orb.
     0 | D:1      | Reached XP level 1. HP: 13/13 MP: 1/1
   220 | D:1      | Reached XP level 2. HP: 14/18 MP: 2/2
   814 | D:2      | Reached XP level 3. HP: 19/23 MP: 3/3
   846 | D:2      | Found the +7 staff of the Meek {protect, meekguard}
  1019 | D:2      | Reached XP level 4. HP: 28/28 MP: 4/4
  1317 | D:2      | Found a faded altar of an unknown god.
  1747 | D:3      | Found a broken altar of Ashenzari.
  1759 | D:3      | Found a blossoming altar of Fedhas.
  1812 | D:3      | Reached skill level 5 in Shapeshifting
  1842 | D:3      | Reached XP level 5. HP: 33/33 MP: 5/5
  2271 | D:3      | Found a basalt altar of Yredelemnul.
  2271 | D:3      | Noticed a weeping skull
  2280 | D:3      | Killed a weeping skull
  2434 | D:3      | Reached XP level 6. HP: 30/38 MP: 6/6
  2715 | D:4      | Noticed a black bear
  2721 | D:4      | Killed a black bear
  2743 | D:4      | Reached XP level 7. HP: 37/43 MP: 7/7
  2774 | D:4      | Noticed Pikel
  2836 | D:5      | Entered Level 5 of the Dungeon
  3103 | D:5      | Found a white marble altar of Elyvilon.
  3454 | D:5      | Reached XP level 8. HP: 52/52 MP: 8/8
  3779 | D:5      | Found a shimmering altar of Xom.
  3951 | D:6      | Noticed Edmund
  3963 | D:6      | Killed Edmund
  4223 | D:6      | Reached skill level 5 in Dodging
  4307 | D:6      | Reached skill level 5 in Fighting
  4317 | D:6      | Reached XP level 9. HP: 61/61 MP: 9/9
  4511 | D:6      | Found a glowing drain.
  4590 | D:6      | Identified the +7 falchion of Wariness {antimagic, Fly rF-
                  | Str-3 Dex+8}
  4889 | D:4      | Found a runed translucent door.
  4890 | D:4      | Noticed Doomgape's ghost (weakling DrSh)
  4925 | D:4      | Killed Pikel
  5150 | D:4      | Found a runed translucent door.
  5432 | D:7      | Found a burning altar of Makhleb.
  6158 | D:7      | Found a staircase to the Ecumenical Temple.
  6271 | Temple   | Entered the Ecumenical Temple
  6281 | Temple   | Became a worshipper of Gozag Ym Sagoz the Greedy
  6505 | D:8      | Found a radiant altar of Vehumet.
  6541 | D:8      | Reached XP level 10. HP: 65/72 MP: 10/10
  6593 | D:8      | Found a flagged portal.
  6609 | Bailey   | Entered a bailey
  6690 | Bailey   | Identified the +7 quarterstaff "Kaosoisu" {venom, rPois
                  | rN++ Will+ Str-4}
  7146 | D:8      | Found a sacrificial altar of Ru.
  8342 | D:8      | Found a hazy altar of Hepliaklqana.
  9030 | D:9      | Reached skill level 10 in Dodging
  9206 | D:9      | Reached skill level 10 in Fighting
  9278 | D:9      | Reached XP level 11. HP: 60/81 MP: 11/11
  9769 | D:9      | Slain by a yak

Illustrated notes

Levels and vault maps discovered:
D:1:      minmay_arrival_doors, layout_basic
D:2:      minmay_spotlight, layout_basic,
          shapermc_ecumenical_altar_mp_ritualfount
D:3:      layout_loops_ring, fedhas_altar_2, ashenzari_altar_1,
          yredelemnul_forgotten_temple_becter, grunt_decor_cap,
          grunt_ministairs_5, chequers_jeans, minmay_misc_feat_roman,
          minmay_between
D:4:      layout_cave_pools, ebering_ghost_sewer_f, minmay_misc_feat_five,
          corexii_mini_fake_secret_closet, sigmund_army, uniq_pikel
D:5:      layout_loops_corners, elyvilon_altar_5, kennysheep_mini
D:6:      layout_basic, portal_sewer_entry_b, uniq_edmund
D:7:      layout_loops_cross, makhleb_grotto_becter, temple_statues,
          st_stairs_14, minmay_misc_feat_rows, kennysheep_small_square
D:8:      corexii_shack_village, layout_loops_ring,
          mainiacjoe_overflow_concentric_impassable,
          mainiacjoe_overflow_brackets, mainiacjoe_overflow_small_starburst,
          enter_bailey_5, nicolae_two_hexagons
D:9:      layout_stronghold, lemuel_zombie_altar_kikubaaqudgha, uniq_amaemon
Temple:   nicolae_temple_hex_pool

Skill      XL: |  1  2  3  4  5  6  7  8  9 10 |
---------------+-------------------------------+-----
Shapeshifting  | 4 5 6 7 8 |  8.3
Fighting       | 3 5 7 10 | 10.4
Dodging        | 3 5 7 10 | 10.5
Unarmed Combat | |  3.0

Action                     |  1- 3 |  4- 6 |  7- 9 | 10-12 || total
---------------------------+-------+-------+-------+-------++-------
  Melee: Dagger            |    40 |       |       |       ||    40
         Tentacles         |     8 |     9 |    39 |    42 ||    98
         Constrict         |    10 |    16 |    38 |    30 ||    94
         Unarmed           |     3 |       |       |       ||     3
         Punch             |     2 |     2 |     5 |     7 ||    16
         Quarterstaff      |     7 |    64 |   173 |   198 ||   442
    Use: Potion            |       |       |     2 |     2 ||     4
   Stab: Sleeping          |     5 |     8 |     9 |     5 ||    27
         Distracted        |       |       |       |     1 ||     1
 Armour: Skin              |    18 |    31 |    98 |   138 ||   285
  Dodge: Dodged            |    31 |    47 |   139 |   188 ||   405
   Form: Beast             |       |       |     1 |       ||     1
         Flux              |       |       |     1 |       ||     1
